 Dungeon Crawl Stone Soup version 0.23-a0-629-gae4348f (webtiles) character file.

249 galech the Skirmisher (level 5, -3/42 HPs)
             Began as a Demonspawn Fighter on Dec 26, 2018.
             Slain by a big kobold
             ... wielding a +2 short sword of electrocution
              (8 damage)
             ... in a sewer.
             The game lasted 00:03:44 (2845 turns).

galech the Skirmisher (Demonspawn Fighter)          Turns: 2845, Time: 00:03:45

Health: -3/42      AC: 11    Str: 21    XL:     5   Next: 87%
Magic:  0/5        EV:  5    Int: 10    God:
Gold:   115        SH:  9    Dex: 13    Spells: 4/4 levels left

rFire    . . .     SeeInvis .   a - +0 war axe
rCold    + . .     Gourm    .   c - +0 shield
rNeg     . . .     Faith    .   j - +0 chain mail
rPois    .         Spirit   +   (helmet restricted)
rElec    .         Reflect  .   (no cloak)
rCorr    .         Harm     .   e - +0 pair of gloves
MR       +....                  p - +0 pair of boots
Stlth    ..........             (no amulet)
HPRegen  0.14/turn              o - ring of protection from magic
MPRegen  0.09/turn              s - ring of protection from cold

@: mighty
A: antennae 1, magic shield
a: no special abilities


You were in a sewer.
You were not hungry.

You visited 1 branch of the dungeon, and saw 3 of its levels.
You also visited: Sewer.

You collected 115 gold pieces.

Inventory:

Hand Weapons
 a - a +0 war axe (weapon)
Armour
 c - a +0 shield (worn)
 e - a +0 pair of gloves (worn)
 j - a +0 chain mail (worn)
 p - a +0 pair of boots (worn)
Jewellery
 o - a ring of protection from magic (left hand)
 s - a ring of protection from cold (right hand)
 t - an uncursed ring of protection from fire {unknown}
Scrolls
 h - 4 scrolls of remove curse {unknown}
 i - 5 scrolls of identify {unknown}
 k - a scroll of amnesia {unknown}
 m - 2 scrolls of teleportation {unknown}
Potions
 b - a potion of agility {unknown}
 d - a potion of might
 l - 4 potions of curing {unknown}
 n - a potion of berserk rage {unknown}
 q - a potion of lignification {unknown}
 r - a potion of haste {unknown}
 u - 2 potions of brilliance {unknown}
Comestibles
 f - 3 rations


   Skills:
 + Level 3.9 Fighting
 + Level 3.7 Axes
 + Level 3.8 Armour
 + Level 0.2 Dodging
 + Level 3.4 Shields


You had 4 spell levels left.
You didn't know any spells.
Your spell library was empty.

Dungeon Overview and Level Annotations

Branches:
Dungeon (3/15)

Altars:
Fedhas
Gozag
Makhleb
Zin
The Shining One


Innate Abilities, Weirdness & Mutations

You have a pair of small antennae on your head.
When hurt, damage is shared between your health and your magic reserves.


Message History

You block the big kobold's attack.
You hit the big kobold.
The big kobold is lightly wounded.
You closely miss the kobold. You slash the kobold!
You kill the kobold!
The big kobold hits you but does no damage.
You are electrocuted!
You block the kobold's attack.
The big kobold hits you but does no damage.
Your chain mail prevents you from hitting the big kobold.
The big kobold is lightly wounded.
You barely miss the kobold. The kobold hits you but does no damage.
The big kobold hits you but does no damage.
You are electrocuted!
* * * LOW HITPOINT WARNING * * *
The kobold hits you but does no damage.
You feel very mighty all of a sudden.
The big kobold hits you with a +2 short sword of electrocution.
* * * LOW HITPOINT WARNING * * *
You are electrocuted!
You die...

##### ##.†∩# #####
...######...#### ### ##≈
..#####........##..#.!#≈
...##...........#K....#≈
................@)...#
.........≈≈≈.≈≈≈#K....#≈
.≈≈≈≈.....≈≈≈≈≈≈#..#.[#≈
≈≈≈≈≈≈≈≈≈≈≈≈≈≈≈≈#### ##≈
≈≈≈≈≈≈≈≈≈≈≈≈≈≈≈≈≈≈
≈≈≈≈≈≈≈≈≈≈≈≈≈≈≈≈≈≈≈
≈≈≈≈≈≈≈≈≈≈≈≈≈≈≈≈≈≈≈≈
.≈≈≈≈≈≈≈≈≈≈≈≈≈≈≈≈≈≈≈


You could see a big kobold and a kobold.

Vanquished Creatures
  An orc priest (D:3)
  A bullfrog skeleton (D:3)
  5 adders
  3 gnolls (D:3)
  2 river rats (Sewer)
  A shadow imp (D:2)
  3 worms
  3 dart slugs
  2 leopard geckos
  4 orcs (D:3)
  2 giant cockroaches
  13 goblins
  7 hobgoblins
  4 jackals (D:2)
  A ball python (D:1)
  7 bats
  A frilled lizard (D:1)
  7 kobolds
  15 rats
82 creatures vanquished.

Notes
Turn   | Place    | Note
-------+----------+-------------------------------------------
     0 | D:1      | galech the Demonspawn Fighter began the quest for the Orb.
     0 | D:1      | Reached XP level 1. HP: 18/18 MP: 1/1
   296 | D:1      | Gained mutation: When hurt, damage is shared between your
                  | health and your magic reserves. [demonic ancestry]
   296 | D:1      | Reached XP level 2. HP: 19/24 MP: 2/2
   648 | D:1      | Found a glowing golden altar of the Shining One.
   725 | D:1      | Reached XP level 3. HP: 29/29 MP: 3/3
  1033 | D:2      | Found an opulent altar of Gozag.
  1053 | D:2      | Found a burning altar of Makhleb.
  1347 | D:2      | Reached XP level 4. HP: 34/35 MP: 4/4
  1509 | D:2      | Found a glowing silver altar of Zin.
  1859 | D:2      | Found a blossoming altar of Fedhas.
  2163 | D:3      | Gained mutation: You have a pair of small antennae on your
                  | head. [demonic ancestry]
  2163 | D:3      | Reached XP level 5. HP: 17/42 MP: 5/5
  2623 | D:3      | Found a glowing drain.
  2627 | Sewer    | Entered a sewer
  2845 | Sewer    | Slain by a big kobold

Vault maps used:
D:1:      minmay_arrival_floating_metal, tso_altar
D:2:      nicolae_overflow_hidden_temple, marbit_many_paths,
          makhleb_grotto_becter, lemuel_doored_altar, grunt_gozag_statues
D:3:      gup_sewer_entry_bowl, uniq_grinder
Sewer:    sewer_minmay_treatment

Skill      XL: |  1  2  3  4 |
---------------+-------------+-----
Axes           | 2 3 |  3.7
Shields        | 3 |  3.4
Armour         | 3 |  3.8
Fighting       | |  3.9
Dodging        | |  0.2

Action                   |  1- 3 |  4- 6 || total
-------------------------+-------+-------++-------
Melee: War axe           |   144 |   194 ||   338
  Use: Potion            |       |     3 ||     3
  Eat: Chunk             |     2 |     5 ||     7
Armor: Scale mail        |    25 |       ||    25
       Chain mail        |    47 |   130 ||   177
Dodge: Dodged            |    21 |    53 ||    74
Block: Shield            |    90 |   126 ||   216

Table legend:
 A = Non-vault XP
 B = Vault XP
 C = Vault XP percentage of total XP
 D = Non-vault monster count
 E = Vault monster count
 F = Vault count percentage of total count
                 A         B        C        D         E       F
            +---------+---------+-------+---------+---------+-------
      Total |     306 |      51 |  14.3 |      71 |      11 |  13.4
            +---------+---------+-------+---------+---------+-------
        D:1 |      44 |       0 |   0.0 |      26 |       0 |   0.0
        D:2 |      92 |      13 |  12.4 |      28 |       2 |   6.7
        D:3 |     170 |       9 |   5.0 |      17 |       4 |  19.0
      Sewer |       0 |      29 | 100.0 |       0 |       5 | 100.0
            +---------+---------+-------+---------+---------+-------
